 Dungeon Crawl Stone Soup version 0.18-a0-1637-g109f206 (webtiles) character file.

188 4thArraOfDagon the Chopper (level 5, 1/72 HPs)
             Began as a Hill Orc Berserker on Mar 26, 2016.
             Was a Follower of Trog.
             Quit the game on level 4 of the Dungeon.
             The game lasted 00:02:21 (328 turns).

4thArraOfDagon the Chopper (Hill Orc Berserker)      Turns: 328, Time: 00:02:22

Health: 1/72       AC:  2    Str: 25    XL:     5   Next: 67%
Magic:  5/5        EV: 12    Int:  8    God:    Trog [*.....]
Gold:   15         SH:  0    Dex: 10    Spells: 0 memorised, 4 levels left

rFire  . . .     SeeInvis .     a - +0 hand axe
rCold  . . .     Gourm    .     b - +0 animal skin
rNeg   . . .     Faith    .     (no shield)
rPois  .         Spirit   .     (no helmet)
rElec  .         Dismiss  .     (no cloak)
rCorr  .         Reflect  .     (no gloves)
SustAt .         Harm     .     (no boots)
MR     .....                    (no amulet)
Stlth  ..........               (no ring)
                                (no ring)

@: berserking (expiring), lethally poisoned (1 -> -1), very slightly
contaminated, very quick, not resistant to hostile enchantments, extremely
unstealthy
A: no striking features
a: Berserk, Burn Spellbooks, Renounce Religion


You were on level 4 of the Dungeon.
You worshipped Trog.
Trog was aware of your devotion.
You were hungry.

You visited 1 branch of the dungeon, and saw 4 of its levels.

You collected 15 gold pieces.

Inventory:

Hand Weapons
 a - a +0 hand axe (weapon)
Armour
 b - a +0 animal skin (worn)
Scrolls
 e - a scroll of magic mapping {unknown}
 g - a scroll of remove curse {unknown}
 h - a scroll of amnesia {unknown}
 j - a scroll of fear {unknown}
 l - a scroll of random uselessness {unknown}
Comestibles
 c - a bread ration


   Skills:
 + Level 5.0 Fighting
 * Level 6.9 Axes
 + Level 2.5 Armour
 - Level 1.5 Dodging


You had 4 spell levels left.
You didn't know any spells.

Dungeon Overview and Level Annotations

Branches:
Dungeon (4/15)
 Temple: D:4-7

Altars:


Message History

You hit the iguana.
The iguana is almost dead.
You miss the adder.
The adder is almost dead.
The iguana bites you.
* * * LOW HITPOINT WARNING * * *
The adder closely misses you.
Unknown command.
You slash the adder!
You kill the adder!
Trog accepts your kill.
You slash the iguana!
You kill the iguana!
Trog accepts your kill.
Your Fighting skill increases to level 5!
Unknown command.
Unknown command.
Unknown command.
You are too berserk!
Are you sure you want to abandon this character and quit the game? (Confirm with "yes".)

#. )...# ##.#
....# #..#
h...# #..##
...# #...# ..#
#..###+#######
##.>...........
#....†.........
#...@..........
#...###'######
##..##...#
##.##.....#
#..#.......#
#..#.......#
#..#...$...#
#..##.....##
#.. #...##...##


There were no monsters in sight!

Vanquished Creatures
  A howler monkey (D:4)
  2 orc wizards (D:4)
  A hound (D:3)
  An iguana (D:4)
  A worker ant (D:4)
  An adder (D:4)
  An orc (D:4)
  2 hobgoblins (D:3)
  A bat (D:3)
  A rat (D:2)
12 creatures vanquished.

Notes
Turn   | Place    | Note
--------------------------------------------------------------
     0 | D:1      | 4thArraOfDagon the Hill Orc Berserker began the quest for the Orb.
     0 | D:1      | Reached XP level 1. HP: 19/19 MP: 1/1
    38 | D:3      | Noticed a hound
    46 | D:3      | Killed a hound
    46 | D:3      | Reached skill level 5 in Axes
    46 | D:3      | Reached XP level 2. HP: 27/27 MP: 2/2
    46 | D:3      | Reached XP level 3. HP: 33/33 MP: 3/3
   220 | D:4      | Reached skill level 6 in Axes
   220 | D:4      | Reached XP level 4. HP: 41/41 MP: 4/4
   269 | D:4      | Reached XP level 5. HP: 16/47 MP: 5/5
   270 | D:4      | HP: 3/70 [orc wizard/puff of frost (10)]
   277 | D:4      | ROFL
   324 | D:4      | RIP
   325 | D:4      | HP: 3/70 [poisoned by an adder]
   326 | D:4      | HP: 1/70 [iguana (1)]
   327 | D:4      | Reached skill level 5 in Fighting
   328 | D:4      | Quit the game

Vault maps used:
D:1:      dpeg_arrival_line_fractal
D:2:      old_standard_altar, grunt_qazlal_clouds, lemuel_crystal_altar,
          old_standard_altar, minmay_misc_feat_nine_boxes, moated_statue,
          cheibriados_altar_1, uniq_jessica
D:4:      kennysheep_six_static_rooms, nicolae_elemental_shop, uniq_natasha,
          uniq_crazy_yiuf_cottage

Skill      XL: |  1  2  3  4  5 |
---------------+----------------+-----
Fighting       | 4 5 |  5.0
Axes           | 5 6 |  6.9
Armour         | |  2.5
Dodging        | |  1.5

Action                   |  1- 3 |  4- 6 || total
-------------------------+-------+-------++-------
Melee: Hand axe          |    25 |    16 ||    41
Invok: Berserk           |     2 |     2 ||     4
  Use: Potion            |       |     3 ||     3
  Eat: Chunk             |       |     1 ||     1
